APP
DANVILLE BRAVES @ PHILADELPHIA (APP) PHILLIES
10/09/2047
 
TOP OF THE 1ST
Washington (APP) Nationals batting - Pitching for Miami (APP) Marlins : RHP Matt Altieri
Pitching: RHP Matt Altieri
Batting: RHB Luis Neri 0-0: Swinging Strike
0-1: Called Strike
0-2: Ball
1-2: Strikes out swinging
Batting: LHB Joseph Martin 0-0: Ball
1-0: Swinging Strike
1-1: Ball
2-1: Ground out 4-3 (Groundball, 4, EV 90.0 MPH)
Batting: RHB Randy Spriet 0-0: Foul Ball, location: 2F
0-1: Ball
1-1: Swinging Strike
1-2: Strikes out swinging
Top of the 1st over - 0 runs, 0 hits, 0 errors, 0 left on base; Washington (APP) 0 - Miami (APP) 0
BOTTOM OF THE 1ST
Miami (APP) Marlins batting - Pitching for Washington (APP) Nationals : RHP Rob Piccolo
Pitching: RHP Rob Piccolo
Batting: RHB Lu Tieh 0-0: Ball
1-0: Foul Ball, location: 2F
1-1: Fly out, F8 (Flyball, 8LD, EV 105.0 MPH)
Batting: RHB Ben Jezak 0-0: Ball
1-0: Called Strike
1-1: Ball
2-1: SINGLE (Groundball, 6MD, EV 93.8 MPH)
Batting: RHB Kurt Wagner 0-0: Ball
1-0: Called Strike
1-1: Ball
Passed Ball!
Ben Jezak to second
2-1: Ball
3-1: Foul Ball, location: 2F
3-2: Base on Balls
Batting: LHB Tom Wleklinski 0-0: Ball
1-0: Ball
2-0: Ball
3-0: Base on Balls
Ben Jezak to third
Kurt Wagner to second
Batting: LHB D.J. White 0-0: Ball
1-0: Ball
2-0: Foul Ball, location: 2F
2-1: Called Strike
2-2: Fielders Choice at 2nd, 3-6 (Groundball, 34, EV 78.1 MPH)
Ben Jezak scores
Kurt Wagner to third
Batting: RHB Nate Stephenson 0-0: Ground out 4-3 (Groundball, 34, EV 88.1 MPH)
Bottom of the 1st over - 1 run, 1 hit, 0 errors, 2 left on base; Washington (APP) 0 - Miami (APP) 1
TOP OF THE 2ND
Washington (APP) Nationals batting - Pitching for Miami (APP) Marlins : RHP Matt Altieri
Batting: RHB Masaru Nogami 0-0: Called Strike
0-1: Foul Ball, location: 2F
0-2: Ground out 5-3 (Groundball, 5S, EV 69.4 MPH)
Batting: RHB Chris Montgomery 0-0: Foul Ball, location: 2F
0-1: Ball
1-1: SINGLE (Flyball, 7S, EV 93.1 MPH)
Batting: RHB Alex Sandoval 0-0: Ball
1-0: Foul Ball, location: 2F
1-1: Ball
2-1: Swinging Strike
2-2: Ball
3-2: Foul Ball, location: 2F
3-2: Base on Balls
Chris Montgomery to second
Batting: RHB Jonathan Christensen 0-0: Grounds into double play, 5-4-3 (Groundball, 5, EV 103.1 MPH)
Top of the 2nd over - 0 runs, 1 hit, 0 errors, 1 left on base; Washington (APP) 0 - Miami (APP) 1
BOTTOM OF THE 2ND
Miami (APP) Marlins batting - Pitching for Washington (APP) Nationals : RHP Rob Piccolo
Batting: RHB Mario Navarro 0-0: Ground out 1-3 (Groundball, P, EV 78.1 MPH)
Batting: SHB Matt Altieri 0-0: Ball
1-0: Foul Ball, location: 2F
1-1: Swinging Strike
1-2: Ball
2-2: Strikes out swinging
Batting: RHB Ryan Mason 0-0: Called Strike
0-1: Reached on error, E6 (Groundball, 6D, EV 105.0 MPH)
Batting: RHB Lu Tieh 0-0: Ball
1-0: Ground out 4-3 (Groundball, 4, EV 83.1 MPH)
Bottom of the 2nd over - 0 runs, 0 hits, 1 error, 1 left on base; Washington (APP) 0 - Miami (APP) 1
TOP OF THE 3RD
Washington (APP) Nationals batting - Pitching for Miami (APP) Marlins : RHP Matt Altieri
Batting: SHB Blaine Parkhurst 0-0: Ball
1-0: Ball
2-0: Swinging Strike
2-1: Foul Ball, location: 2F
2-2: Strikes out swinging
Batting: LHB Rob Piccolo 0-0: Called Strike
0-1: Reached on error, E2 (Groundball, 13S, EV 68.1 MPH)
Batting: RHB Luis Neri 0-0: Ground out 6-3 (Groundball, 6, EV 95.6 MPH)
Batting: LHB Joseph Martin 0-0: Ground out 1-3 (Groundball, 25, EV 72.5 MPH)
Top of the 3rd over - 0 runs, 0 hits, 1 error, 1 left on base; Washington (APP) 0 - Miami (APP) 1
BOTTOM OF THE 3RD
Miami (APP) Marlins batting - Pitching for Washington (APP) Nationals : RHP Rob Piccolo
Batting: RHB Ben Jezak 0-0: Called Strike
0-1: Ball
1-1: Foul Ball, location: 2F
1-2: Ball
2-2: Fly out, F9 (Line Drive, 9D, EV 86.3 MPH)
Batting: RHB Kurt Wagner 0-0: Swinging Strike
0-1: Called Strike
0-2: DOUBLE (Line Drive, 9LD, EV 105.6 MPH)
Batting: LHB Tom Wleklinski 0-0: Fly out, F8 (Flyball, 8RM, EV 83.1 MPH)
Batting: LHB D.J. White 0-0: Ball
1-0: Swinging Strike
1-1: 2-RUN HOME RUN (Flyball, 9D, EV 98.8 MPH), Distance : 375 ft
Batting: RHB Nate Stephenson 0-0: Ball
1-0: Foul Ball, location: 2LF, Error on foul ball, E2
1-1: Ground out 1-3 (Groundball, 15, EV 82.5 MPH)
Bottom of the 3rd over - 2 runs, 2 hits, 1 error, 0 left on base; Washington (APP) 0 - Miami (APP) 3
TOP OF THE 4TH
Washington (APP) Nationals batting - Pitching for Miami (APP) Marlins : RHP Matt Altieri
Batting: RHB Randy Spriet 0-0: Ground out 6-3 (Groundball, 6S, EV 61.9 MPH)
Batting: RHB Masaru Nogami 0-0: Called Strike
0-1: Called Strike
0-2: Strikes out swinging
Batting: RHB Chris Montgomery 0-0: Foul Ball, location: 2F
0-1: Foul Ball, location: 2F
0-2: Ball
1-2: Foul Ball, location: 2F
1-2: Fly out, F8 (Flyball, 8RM, EV 91.3 MPH)
Top of the 4th over - 0 runs, 0 hits, 0 errors, 0 left on base; Washington (APP) 0 - Miami (APP) 3
BOTTOM OF THE 4TH
Miami (APP) Marlins batting - Pitching for Washington (APP) Nationals : RHP Rob Piccolo
Batting: RHB Mario Navarro 0-0: Called Strike
0-1: Foul Ball, location: 2F
0-2: Strikes out looking
Batting: SHB Matt Altieri 0-0: Ground out 1-3 (Groundball, 34S, EV 84.4 MPH)
Batting: RHB Ryan Mason 0-0: Called Strike
0-1: Foul Ball, location: 2F
0-2: Strikes out swinging
Bottom of the 4th over - 0 runs, 0 hits, 0 errors, 0 left on base; Washington (APP) 0 - Miami (APP) 3
TOP OF THE 5TH
Washington (APP) Nationals batting - Pitching for Miami (APP) Marlins : RHP Matt Altieri
Batting: RHB Alex Sandoval 0-0: Fly out, F8 (Flyball, 8LM, EV 92.5 MPH)
Batting: RHB Jonathan Christensen 0-0: Called Strike
0-1: Called Strike
0-2: Ground out 6-3 (Groundball, 6M, EV 88.1 MPH)
Batting: SHB Blaine Parkhurst 0-0: Ball
1-0: Ball
2-0: Ball
3-0: Called Strike
3-1: Base on Balls
Batting: LHB Rob Piccolo 0-0: Ball
1-0: Fielders Choice at 2nd, 5-4 (Groundball, 5, EV 88.8 MPH)
Top of the 5th over - 0 runs, 0 hits, 0 errors, 1 left on base; Washington (APP) 0 - Miami (APP) 3
BOTTOM OF THE 5TH
Miami (APP) Marlins batting - Pitching for Washington (APP) Nationals : RHP Rob Piccolo
Batting: RHB Lu Tieh 0-0: DOUBLE (Line Drive, 9LM, EV 107.5 MPH)
Batting: RHB Ben Jezak 0-0: Ball
1-0: Called Strike
1-1: Ball
Lu Tieh steals 3rd base (no throw)
2-1: Ball
3-1: Base on Balls
Pitching: LHP Mike Rex
Batting: RHB Kurt Wagner 0-0: Foul Ball, location: 2F
0-1: Ball
1-1: Foul Ball, location: 2F
1-2: Ball
2-2: Ball
3-2: SINGLE (Groundball, 6MD, EV 94.4 MPH)
Lu Tieh scores
Ben Jezak to second
Runner from 2nd tries for 3rd, SAFE, throw by CF made to third
Batting: LHB Tom Wleklinski 0-0: Ball
1-0: Called Strike
1-1: Foul Ball, location: 2F
1-2: Hit by Pitch
Kurt Wagner to second
Batting: LHB D.J. White 0-0: Ball
1-0: Ball
2-0: Ball
Wild Pitch!
Ben Jezak scores
Kurt Wagner to third
Tom Wleklinski to second
3-0: Called Strike
3-1: Foul Ball, location: 2F
3-2: Foul Ball, location: 2F
3-2: Fly out, F9 (Flyball, 89M, EV 87.5 MPH)
Runner from 3rd tags up, SCORES, throw by RF
Tom Wleklinski to third
Batting: RHB Nate Stephenson 0-0: Ball
1-0: Ball
Balk!
Tom Wleklinski scores
2-0: Ball
3-0: Called Strike
3-1: Base on Balls
Batting: RHB Mario Navarro 0-0: Fly out, F6 (Popup, 5D, EV 70.6 MPH)
Batting: SHB Matt Altieri 0-0: Ball
Wild Pitch!
Nate Stephenson to second
1-0: 2-RUN HOME RUN (Flyball, 7D, EV 100.0 MPH), Distance : 383 ft
Batting: RHB Ryan Mason 0-0: Fly out, F8 (Flyball, 8LD, EV 106.9 MPH)
Bottom of the 5th over - 6 runs, 3 hits, 0 errors, 0 left on base; Washington (APP) 0 - Miami (APP) 9
TOP OF THE 6TH
Washington (APP) Nationals batting - Pitching for Miami (APP) Marlins : RHP Matt Altieri
Batting: RHB Luis Neri 0-0: SINGLE (Groundball, 56D, EV 99.4 MPH)
Batting: LHB Joseph Martin 0-0: Ball
1-0: Called Strike
1-1: Foul Ball, location: 2F
1-2: Foul Ball, location: 2F
1-2: Fielders Choice at 2nd, 1-6 (Groundball, 13, EV 86.3 MPH)
Batting: RHB Randy Spriet 0-0: Swinging Strike
0-1: Fly out, F8 (Flyball, 8RS, EV 88.8 MPH)
Batting: RHB Masaru Nogami 0-0: Ball
1-0: Ball
2-0: Fly out, F9 (Flyball, 89M, EV 95.6 MPH)
Top of the 6th over - 0 runs, 1 hit, 0 errors, 1 left on base; Washington (APP) 0 - Miami (APP) 9
BOTTOM OF THE 6TH
Miami (APP) Marlins batting - Pitching for Washington (APP) Nationals : LHP Mike Rex
Batting: RHB Lu Tieh 0-0: Called Strike
0-1: Ball
1-1: Foul Ball, location: 2F
1-2: Fly out, F6 (Line Drive, 6, EV 66.3 MPH)
Batting: RHB Ben Jezak 0-0: Foul Ball, location: 2F
0-1: Ball
1-1: Ball
2-1: Ground out 5-3 (Groundball, 5, EV 80.0 MPH)
Batting: RHB Kurt Wagner 0-0: Called Strike
0-1: SINGLE (Flyball, 8RS, EV 90.0 MPH)
Batting: LHB Tom Wleklinski 0-0: Called Strike
0-1: Foul Ball, location: 2F
0-2: Ball
1-2: Fly out, F8 (Flyball, 78D, EV 102.5 MPH)
Bottom of the 6th over - 0 runs, 1 hit, 0 errors, 1 left on base; Washington (APP) 0 - Miami (APP) 9
TOP OF THE 7TH
Washington (APP) Nationals batting - Pitching for Miami (APP) Marlins : RHP Matt Altieri
Pinch Hitting: RHB Johnny Halvorson 0-0: Ball
1-0: Ball
2-0: Ball
3-0: Called Strike
3-1: Called Strike
3-2: Base on Balls
Batting: RHB Alex Sandoval 0-0: Foul Ball, location: 2F
0-1: Called Strike
0-2: Ball
1-2: SINGLE (Groundball, 6MD, EV 94.4 MPH)
Johnny Halvorson to second
Batting: RHB Jonathan Christensen 0-0: Called Strike
0-1: Foul Ball, location: 2F
0-2: Ball
1-2: Foul Ball, location: 2F
1-2: SINGLE (Groundball, 56D, EV 93.8 MPH)
Johnny Halvorson to third
Alex Sandoval to second
Batting: SHB Blaine Parkhurst 0-0: Called Strike
0-1: Foul Ball, location: 2F
0-2: DOUBLE (Groundball, 3L, EV 98.8 MPH)
Johnny Halvorson scores
Alex Sandoval scores
Jonathan Christensen to third
Runner from 3rd tries for Home, SAFE, no throw by RF
Batting: RHB Mike Rex 0-0: Called Strike
0-1: Ground out 6-3 (Groundball, 56, EV 92.5 MPH)
Batting: RHB Luis Neri 0-0: Swinging Strike
0-1: Ball
1-1: Called Strike
1-2: Ball
2-2: Strikes out swinging
Batting: LHB Joseph Martin 0-0: Fly out, F8 (Flyball, 8RS, EV 88.8 MPH)
Top of the 7th over - 3 runs, 3 hits, 0 errors, 1 left on base; Washington (APP) 3 - Miami (APP) 9
BOTTOM OF THE 7TH
Miami (APP) Marlins batting - Pitching for Washington (APP) Nationals : LHP Mike Rex
Now at 1B: Chris Cleary
Batting: LHB D.J. White 0-0: Foul Ball, location: 2F
0-1: Foul Ball, location: 2F
0-2: Ball
1-2: Ground out 6-3 (Groundball, 6, EV 90.0 MPH)
Batting: RHB Nate Stephenson 0-0: Ball
1-0: Ball
2-0: Foul Ball, location: 2F
2-1: DOUBLE (Line Drive, 89D, EV 106.9 MPH)
Batting: RHB Mario Navarro 0-0: Fly out, F2 (Popup, 23F, EV 93.8 MPH)
Batting: SHB Matt Altieri 0-0: Ball
1-0: Called Strike
1-1: Swinging Strike
1-2: Foul Ball, location: 2F
1-2: Hit by Pitch
Batting: RHB Ryan Mason 0-0: Foul Ball, location: 2F
0-1: Swinging Strike
0-2: Ground out 5-3 (Groundball, 56S, EV 83.1 MPH)
Bottom of the 7th over - 0 runs, 1 hit, 0 errors, 2 left on base; Washington (APP) 3 - Miami (APP) 9
TOP OF THE 8TH
Washington (APP) Nationals batting - Pitching for Miami (APP) Marlins : RHP Matt Altieri
Batting: RHB Randy Spriet 0-0: Ball
1-0: Fly out, F8 (Flyball, 8LM, EV 78.8 MPH)
Batting: RHB Masaru Nogami 0-0: Ball
1-0: Ball
2-0: Fly out, F3 (Popup, 3F, EV 54.4 MPH)
Batting: RHB Chris Cleary 0-0: Ball
1-0: Foul Ball, location: 2F
1-1: Foul Ball, location: 2F
1-2: Strikes out swinging
Top of the 8th over - 0 runs, 0 hits, 0 errors, 0 left on base; Washington (APP) 3 - Miami (APP) 9
BOTTOM OF THE 8TH
Miami (APP) Marlins batting - Pitching for Washington (APP) Nationals : LHP Mike Rex
Batting: RHB Lu Tieh 0-0: Ball
1-0: Foul Ball, location: 2F
1-1: Ball
2-1: SINGLE (Line Drive, 89S, EV 91.9 MPH)
Pitching: RHP Mike Strey
Batting: RHB Ben Jezak 0-0: Called Strike
Lu Tieh steals 2nd base (no throw)
0-1: Ball
1-1: Swinging Strike
1-2: 2-RUN HOME RUN (Flyball, 9D, EV 110.0 MPH), Distance : 366 ft
Pinch Hitting: RHB Gene Bauer 0-0: Called Strike
0-1: Ball
1-1: Ground out 4-3 (Groundball, 4, EV 87.5 MPH)
Pinch Hitting: LHB Justin Majeski 0-0: Called Strike
0-1: Swinging Strike
0-2: Ground out 6-3 (Groundball, 6, EV 98.8 MPH)
Pinch Hitting: RHB Bobby Munos 0-0: Foul Ball, location: 2F
0-1: DOUBLE (Groundball, 5L, EV 109.4 MPH)
Batting: RHB Nate Stephenson 0-0: Ball
1-0: Foul Ball, location: 2F
1-1: Ground out 4-3 (Groundball, 4, EV 101.9 MPH)
Bottom of the 8th over - 2 runs, 3 hits, 0 errors, 1 left on base; Washington (APP) 3 - Miami (APP) 11
TOP OF THE 9TH
Washington (APP) Nationals batting - Pitching for Miami (APP) Marlins : RHP Matt Altieri
Now in LF: Bobby Munos
Now in CF: Justin Majeski
Now in RF: Gene Bauer
Batting: RHB Alex Sandoval 0-0: Ball
1-0: Foul Ball, location: 2F
1-1: Called Strike
1-2: Ball
2-2: Foul Ball, location: 2F
2-2: Strikes out swinging
Batting: RHB Jonathan Christensen 0-0: Ball
1-0: Ball
2-0: Called Strike
2-1: SINGLE (Flyball, 78S, EV 90.6 MPH)
Batting: SHB Blaine Parkhurst 0-0: Called Strike
0-1: Foul Ball, location: 2F
0-2: Ball
Wild Pitch!
Jonathan Christensen to second
1-2: Ball
2-2: Ball
3-2: Foul Ball, location: 2F
3-2: Foul Ball, location: 2F
3-2: Strikes out swinging
Batting: RHB Mike Strey 0-0: Ball
1-0: Ball
2-0: SINGLE (Groundball, 56D, EV 106.3 MPH)
Jonathan Christensen to third
Pitching: RHP Ju-ao Wa
Batting: RHB Luis Neri 0-0: Ball
1-0: Ground out 1-3 (Groundball, 15, EV 91.3 MPH)
Top of the 9th over - 0 runs, 2 hits, 0 errors, 2 left on base; Washington (APP) 3 - Miami (APP) 11
Thursday, December 15th , 2022 - OOTP Baseball 23.9 Build 102